 Dungeon Crawl Stone Soup version 0.16.1-11-g651b585 (webtiles) character file.

4685 karlm the Basher (level 10, -7/114 HPs)
             Began as an Ogre Berserker on Apr 5, 2015.
             Was a High Priest of Trog.
             Killed by an exploding giant spore (42 damage)
             ... set off by themself
             ... on level 10 of the Dungeon.
             The game lasted 00:26:13 (10274 turns).

karlm the Basher (Ogre Berserker)                  Turns: 10274, Time: 00:26:13

Health: -7/114     AC:  8    Str: 20    XL:     10   Next: 44%
Magic:  10/10      EV: 12    Int:  8    God:    Trog [*****.]
Gold:   328        SH:  0    Dex: 12    Spells: 0 memorised, 9 levels left

rFire  . . .     SeeInvis .     C - +5 giant spiked club
rCold  . . .     Clarity  .     N - +0 robe "Phahem" {MR+ Str-4 Int+2}
rNeg   . . .     SustAb   .     (shield restricted)
rPois  .         Gourm    .     i - +2 hat
rElec  .         Spirit   .     k - +2 cloak
rCorr  .         Warding  .     (gloves unavailable)
rMut   .         Rnd*Tele +     (boots unavailable)
MR     ++...                    (no amulet)
Stlth  +.........               B - ring of teleportation (curse)
                                e - +3 ring of slaying

@: confused, very resistant to hostile enchantments, very unstealthy
A: unfitting armour, tough skin 1
a: Burn Spellbooks, Berserk, Trog's Hand, Brothers in Arms, Renounce Religion,
Evoke Teleportation


You were on level 10 of the Dungeon.
You worshipped Trog.
Trog was extremely pleased with you.
You were not hungry.

You visited 2 branches of the dungeon, and saw 11 of its levels.

You collected 448 gold pieces.
You spent 120 gold pieces at shops.

Inventory:

Hand weapons
 q - a cursed +1 flail of protection
 C - a +5 giant spiked club (weapon)
Missiles
 b - a poisoned tomahawk
 f - 39 poisoned needles
 m - 14 tomahawks
 w - 2 throwing nets
 F - 6 needles of slowing
 I - a javelin of penetration (quivered)
Armour
 i - a +2 hat (worn)
 k - a +2 cloak (worn)
 N - the +0 robe "Phahem" (worn) {MR+ Str-4 Int+2}
   (You found it on level 9 of the Dungeon)

   It affects your strength (-4).
   It affects your intelligence (+2).
   It affects your resistance to hostile enchantments.
 O - a +0 robe of positive energy
Jewellery
 e - a +3 ring of slaying (left hand)
 x - an uncursed ring of ice
 y - an uncursed ring of protection from magic
 B - a cursed ring of teleportation (right hand)
 D - an uncursed ring of protection from magic
Magical devices
 P - a wand of slowing (36)
Scrolls
 d - a scroll of fear {unknown}
 p - 2 scrolls of recharging
 s - a scroll of magic mapping
 G - 2 scrolls of teleportation
 K - 2 scrolls of fog
 Q - a scroll of identify
Potions
 a - 2 potions of ambrosia
 h - 2 potions of agility
 j - a potion of cancellation
 l - a potion of lignification {unknown}
 n - a potion of mutation {unknown}
 o - a potion of invisibility {unknown}
 r - a potion of haste {unknown}
 t - 3 potions of curing
 z - a potion of magic {unknown}
 A - 2 potions of might {unknown}
 E - 2 potions of cure mutation
 H - a potion of heal wounds {unknown}
 L - 2 potions of restore abilities
 M - 2 potions of brilliance {unknown}
Comestibles
 c - 4 meat rations
 g - 4 fruits
 u - a bread ration
 v - 2 slices of pizza
 J - 2 royal jellies
 R - a chunk of flesh


   Skills:
 * Level 11.3 Fighting
 * Level 11.4 Maces & Flails
 - Level 4.8 Throwing
 + Level 4.9 Armour
 + Level 5.4 Dodging
 - Level 1.1 Stealth


You had 9 spell levels left.
You didn't know any spells.

Dungeon Overview and Level Annotations

Branches:
Dungeon (10/15)            Temple (1/1) D:6
   Lair: D:8-11         Orc: D:9-12

Altars:
Ashenzari
Cheibriados
Dithmenos
Elyvilon
Fedhas
Gozag
Kikubaaqudgha
Makhleb
Nemelex Xobeh
Okawaru
Qazlal
Ru
Sif Muna
Trog
Vehumet
Xom
Yredelemnul
Zin
The Shining One

Shops:
D:5 *


Innate Abilities, Weirdness & Mutations

You are too large for most types of armour.
You have tough skin (AC +1).


Message History

Throwing (i - inventory. (,) - cycle):
I - a javelin of penetration (quivered)
Press: ? - help, Shift-Dir - straight line, f/p - giant spore
Aim: a giant spore (slow)
You throw a javelin of penetration.
The javelin of penetration pierces through the hound!
You kill the hound!
Trog accepts your kill.
The javelin of penetration pierces through the giant spore!
The giant spore explodes!
A fungus suddenly grows.
The jackal appears confused.
The explosion of spores engulfs the jackal.
The jackal dies!
The explosion of spores engulfs the plant.
You hear an explosion!
The jackal appears confused.
The explosion of spores engulfs the jackal.
The jackal dies!
The explosion of spores engulfs you!
You are confused.
You die...

...%.........# .§...P.......#####
# .....(.......#.#.#++#.#
................%......%
......c....c....%......% #.
######....##'..P......P. ..
..........#....P†......%. ..
..........#....#††..+... ..
..........#....#@hh.# #$
#....#################+#####+###.
#....#.....#...>#...#....#.......
#....#.....#....#...#....#.......
'....'.....#....#...#....#.......
#....#.....#....#...##'########).
#....#÷....#....#........#.......
######.....#....#...#....YY.Y....
#..................+....#.......


You could see 2 jackals.

Vanquished Creatures
  5 yaks (D:10)
  3 ice beasts
  4 orc warriors
  A water moccasin (D:6)
  A phantom (D:4)
  A sky beast (D:7)
  2 centaurs
  2 ogres
  A necrophage (D:8)
  A big kobold (D:10)
  A wyvern zombie (D:9)
  A giant frog (D:6)
  4 scorpions
  4 wights (D:6)
  A goliath beetle (D:6)
  7 crimson imps
  A giant frog zombie (D:5)
  2 iguanas
  5 hounds
  2 jellies
  Crazy Yiuf (D:4)
  2 centaur skeletons
  10 orc priests
  13 orc wizards
  7 worker ants
  2 killer bee zombies
  A mummy (D:9)
  A hound skeleton (D:7)
  A hound zombie (D:7)
  2 worker ant zombies
  12 adders
  8 gnolls (D:5)
  A giant mite (D:7)
  5 shadow imps
  4 worms
  2 adder zombies
  9 giant geckos
  51 orcs
  2 ball pythons
  12 bats
  A bat skeleton (D:5)
  2 bat zombies (D:5)
  12 goblins
  26 hobgoblins
  17 kobolds
  7 giant cockroaches
  A giant gecko zombie (D:5)
  6 giant newts
  A giant spore (D:8)
  13 jackals
  2 quokkas
  12 rats
  2 fungi (D:4)
297 creatures vanquished.

Vanquished Creatures (others)
  A centaur (D:10)
  2 jackals (D:10)
3 creatures vanquished.

Grand Total: 300 creatures vanquished

Notes
Turn   | Place    | Note
--------------------------------------------------------------
     0 | D:1      | karlm, the Ogre Berserker, began the quest for the Orb.
     0 | D:1      | Reached XP level 1. HP: 24/24 MP: 1/1
   220 | D:1      | Reached XP level 2. HP: 6/33 MP: 2/2
  1523 | D:2      | Reached XP level 3. HP: 40/40 MP: 3/3
  1728 | D:2      | Found a burning altar of Makhleb.
  1907 | D:2      | Found a shimmering altar of Xom.
  1965 | D:2      | Reached XP level 4. HP: 49/49 MP: 4/4
  2234 | D:3      | Acquired Trog's second power
  2265 | D:3      | Reached skill level 1 in Stealth
  2417 | D:3      | Reached skill level 5 in Fighting
  2853 | D:4      | Reached skill level 5 in Maces & Flails
  2853 | D:4      | Reached skill level 1 in Throwing
  2853 | D:4      | Reached XP level 5. HP: 52/57 MP: 5/5
  3117 | D:4      | Noticed a phantom
  3136 | D:4      | Killed a phantom
  3136 | D:4      | Reached skill level 6 in Maces & Flails
  3136 | D:4      | Reached XP level 6. HP: 60/67 MP: 6/6
  3410 | D:4      | Reached XP level 7. HP: 51/76 MP: 7/7
  4077 | D:4      | Noticed Crazy Yiuf
  4081 | D:4      | Killed Crazy Yiuf
  4089 | D:4      | Got a faintly glowing hammer
  4108 | D:4      | Identified the cursed -2 hammer of Checks and Balances {vamp, *Rage +Inv rElec Int-2 Dex+6} (You found it on level 4 of the Dungeon)
  4163 | D:5      | Entered Level 5 of the Dungeon
  4163 | D:5      | Found a bloodstained altar of Trog.
  4308 | D:5      | Reached skill level 7 in Fighting
  4698 | D:5      | Found Ucar's Assorted Antiques.
  4709 | D:5      | Bought a twisted ruby ring for 120 gold pieces
  4773 | D:5      | Reached XP level 8. HP: 87/87 MP: 8/8
  5285 | D:5      | Acquired Trog's third power
  5343 | D:5      | Reached skill level 8 in Fighting
  5379 | D:5      | Found a sacrificial altar of Ru.
  5442 | D:5      | Found a blossoming altar of Fedhas.
  5443 | D:5      | Found a sparkling altar of Nemelex Xobeh.
  6563 | D:6      | Reached XP level 9. HP: 69/97 MP: 9/9
  6565 | D:6      | Received a gift from Trog
  6648 | D:6      | Found a staircase to the Ecumenical Temple.
  6679 | Temple   | Entered the Ecumenical Temple
  6803 | D:6      | Reached skill level 9 in Fighting
  7515 | D:7      | Received a gift from Trog
  7792 | D:7      | Reached skill level 10 in Fighting
  8306 | D:8      | Reached skill level 10 in Maces & Flails
  8590 | D:8      | Found a snail-covered altar of Cheibriados.
  8791 | D:8      | Reached XP level 10. HP: 100/111 MP: 10/10
  8998 | D:8      | Reached skill level 5 in Dodging
  9277 | D:9      | Received a gift from Trog
  9424 | D:9      | Got a brightly glowing robe
  9435 | D:9      | Identified the +0 robe "Phahem" {MR+ Str-4 Int+2} (You found it on level 9 of the Dungeon)
  9773 | D:9      | Reached skill level 11 in Fighting
 10062 | D:10     | Entered Level 10 of the Dungeon
 10274 | D:10     | Killed by an exploding giant spore... set off by themself

Action                   |  1- 3 |  4- 6 |  7- 9 | 10-12 || total
-------------------------+-------+-------+-------+-------++-------
Melee: Mace              |   136 |       |       |       ||   136
       Flail             |       |   203 |   141 |       ||   344
       Hammer            |       |       |    31 |       ||    31
       Giant spiked club |       |       |   243 |    90 ||   333
Throw: Stone             |       |     5 |     1 |       ||     6
       Tomahawk          |       |       |     4 |       ||     4
       Javelin           |       |       |    10 |     3 ||    13
Invok: Berserk           |     3 |       |     2 |       ||     5
Evoke: Wand              |       |       |       |     1 ||     1
  Use: Scroll            |       |       |    22 |       ||    22
       Potion            |       |       |     2 |       ||     2
 Stab: Sleeping          |       |       |     3 |     1 ||     4
  Eat: Chunk             |     5 |     6 |    20 |     4 ||    35
       Bread ration      |       |       |     1 |       ||     1
       Pizza             |       |       |     1 |       ||     1
